 Dungeon Crawl Stone Soup version 0.23.2-1-ga50397a (webtiles) character file.

Game seed: 4894261982409120937

26 Kairos the Insei (level 3, 0/23 HPs)
             Began as an Octopode Transmuter on Apr 25, 2019.
             Slain by an adder (5 damage)
             ... on level 2 of the Dungeon.
             The game lasted 00:01:19 (1038 turns).

Kairos the Insei (Octopode Transmuter)              Turns: 1038, Time: 00:01:21

Health: 0/23       AC:  1    Str: 10    XL:     3   Next: 8%
Magic:  2/6        EV: 10    Int: 15    God:
Gold:   32         SH:  6    Dex: 12    Spells: 5/6 levels left

rFire    . . .     SeeInvis .     - Unarmed
rCold    . . .     Gourm    .   b - +0 shield
rNeg     . . .     Faith    .   (helmet restricted)
rPois    .         Spirit   .   d - amulet of the acrobat
rElec    .         Reflect  .   (no ring)
rCorr    .         Harm     .   (no ring)
MR       .....                  (no ring)
Stlth    ++........             (no ring)
HPRegen  0.07/turn              (no ring)
MPRegen  0.10/turn              (no ring)
                                (no ring)
                                (no ring)

@: lethally poisoned (0 -> -11), appendage (expiring), very slightly
contaminated
A: almost no armour, stealthy swim, amphibious, 8 rings, constrict 8, tentacle
spike 3, camouflage 1, gelatinous body 1
a: End Transformation


You were on level 2 of the Dungeon.
You were not hungry.
One of your tentacles had a temporary spike.
You visited 1 branch of the dungeon, and saw 2 of its levels.

You collected 32 gold pieces.

Inventory:

Missiles
 a - 12 arrows
Armour
 b - a +0 shield (worn)
Jewellery
 d - an amulet of the acrobat (around mantle)
Scrolls
 e - a scroll of noise {unknown}
Potions
 f - a potion of brilliance {unknown}
 g - a potion of might {unknown}
Comestibles
 c - 4 rations


   Skills:
 + Level 1.0 Fighting
 + Level 2.1 Dodging
 + Level 0.9 Stealth
 + Level 3.7 Unarmed Combat
 + Level 2.1 Spellcasting
 + Level 2.2 Transmutations


You had 5 spell levels left.
You knew the following spells:

 Your Spells              Type           Power        Failure   Level  Hunger
a - Beastly Appendage     Tmut           #.....       52%         1    #......

Your spell library contained the following spells:

 Spells                   Type           Power        Failure   Level  Hunger
 Sticks to Snakes         Tmut           #.......     67%         2    ###....
 Spider Form              Tmut/Pois      #.........   96%         3    ###....
 Ice Form                 Ice/Tmut       #.......     100%        4    #####..
 Blade Hands              Tmut           #.........   100%        5    ######.


Dungeon Overview and Level Annotations

Branches:
Dungeon (2/15)

Altars:


Innate Abilities, Weirdness & Mutations

You cannot wear most types of armour.
You are very stealthy in the water. (Stealth+)
You are amphibious.
You can wear up to eight rings at the same time.
You can use your tentacles to constrict eight enemies at once.
Your skin changes colour to match your surroundings (Stealth+).
Your rubbery body absorbs attacks. (AC +1, EV +1)
One of your tentacles bears a large vicious spike.


Message History

You fail to extend your transformation any further.
You feel sick. The adder misses you.
Casting: Beastly Appendage (safe; 52% risk of failure)
Confirm with . or Enter, or press ? or * to list all spells.
You miscast Beastly Appendage.
You are very lightly contaminated with residual magic.
Multicoloured lights dance before your eyes!
You feel sick. The adder closely misses you.
Casting: Beastly Appendage (safe; 52% risk of failure)
Confirm with . or Enter, or press ? or * to list all spells.
You miscast Beastly Appendage.
Strange energies run through your body.
You feel sick. The adder bites you.
* * * LOW HITPOINT WARNING * * *
Your shield prevents you from hitting the adder.
Your grab misses the adder.
The adder is heavily wounded.
Your transformation is almost over.
* * * LOW HITPOINT WARNING * * *
You feel sick. The adder bites you.
You die...

###...S..#
#........#
#..#+#. #..#.. .
#..#.# ...
#..#.#.....
#..........
########.####....
#....@S..# .
####.##### #.#
#.# #.#
#.#########
#.......#.#
###)†.†...#
##.##.#.#


You could see an adder.

Vanquished Creatures
  A worm (D:2)
  2 leopard geckos
  A giant cockroach (D:1)
  5 goblins
  4 hobgoblins
  A kobold (D:1)
  A bat (D:1)
  2 frilled lizards
  3 rats (D:1)
20 creatures vanquished.

Notes
Turn   | Place    | Note
-------+----------+-------------------------------------------
     0 | D:1      | Kairos the Octopode Transmuter began the quest for the Orb.
     0 | D:1      | Reached XP level 1. HP: 13/13 MP: 3/3
   238 | D:1      | Reached XP level 2. HP: 18/18 MP: 5/5
   964 | D:2      | Reached XP level 3. HP: 20/23 MP: 6/6
  1038 | D:2      | Slain by an adder

Action                   || total
-------------------------++-------
Melee: Unarmed           ||    42
       Tentacles         ||    11
       Constrict         ||    10
 Cast: Beastly Appendage ||     3
 Stab: Sleeping          ||     5
Dodge: Dodged            ||    13
Block: Shield            ||     7
